Workbook

Sheet MEDIÇÃO 2
A1: PREFEITURA MUNICIPAL DE SO ROQUE DO CANA Estado do Esprito Santo SECRETARIA MUNICIPAL DE OBRAS E SERVIÇOS URBANOS – SETOR DE ENGENHARIA
A13: BOLETIM DE | E13: =I18 -> MEDIÇÃO 02 | K13: DATA: 20/03/2025
A14: Obra: REFORMA DE QUATRO QUADRAS POLIESPORTIVAS LOCALIZADAS EM SÃO JACINTO, VILA VERDE, SÃO BENTO E CÓRREGO SAÚDE, REFORMA E AMPLIAÇÃO DE UMA QUADRA POLIESPORTIVA, LOCALIZADA NA COMUNIDADE DE ALTO SANTA LUZIA, DISTRITO DE SANTA JÚLIA, NESTE MUNICÍPIO. | D14: CONTRATO Nº: | F14: 128/2024 | H14: Assinatura: 18/10/2024 | K14: INÍCIO: | M14: 45654
K15: TÉRMINO: | M15: 45729
A16: LOCAL: AVENIDA SEVERINO SIMONASSI, DISTRITO DE SÃO JACINTO; RUA JOSÉ CARLOS VOLPI, VILA VERDE; AVENIDA CATARINA GUIDONI VOLPI, SÃO BENTO; RODOVIA ES-080, COMUNIDADE DE NOSSA SENHORA DA SAÚDE, DISTRITO DE SÃO JACINTO; COMUNIDADE DE SANTA LUZIA, ZONA RURAL, DISTRITO DE SANTA JÚLIA. SÃO ROQUE DO CANAÃ | D16: PERÍODO: | F16: 45689 | H16: a | I16: 45729 | K16: PRAZO: | M16: 360 DIAS
A17: EMPREITEIRA: CONSÓRCIO CINCO QUADRAS | F17: =I18 -> MEDIÇÃO 02 | I17: =L238 -> 97806.93 | K17: % MÊS: | L17: =H238 -> 0.057686187 | M17: % ACUM: | N17: =H239 -> 0.09521582
A18: ITEM | B18: ESPECIFICAÇÃO | C18: UNID. | D18: QUANT. | E18: PREÇO UNIT R$ | F18: ACUMULADO ANTERIOR | I18: MEDIÇÃO 02 | L18: TOTAL MEDIDO
F19: QUANT. | G19: TOTAL | H19: % | I19: QUANT. | J19: TOTAL | K19: % | L19: QUANT. | M19: TOTAL | N19: %
A20: 1 | B20: INSTALAÇÃO DO CANTEIRO DE OBRAS | J20: =SUM(J21:J23) -> 4312.4918 | M20: =SUM(M21:M23) -> 7032.3884
A21: 1.1 | B21: Placa de obra nas dimensões de 2.0 x 4.0 m, padrão DER | C21: m2 | D21: 40 | E21: 366.28103 | F21: 0 | G21: =F21*E21 -> 0 | H21: =F21/D21 -> 0 | J21: =I21*E21 -> 0 | K21: =I21/D21 -> 0 | L21: =F21+I21 -> 0 | M21: =G21+J21 -> 0 | N21: =H21+K21 -> 0
A22: 1.2 | B22: Mobilização e desmobilização de conteiner locado para barracão de obra | C22: und | D22: 5 | E22: 1923.599 | F22: 1 | G22: =F22*E22 -> 1923.599 | H22: =F22/D22 -> 0.2 | I22: 1 | J22: =I22*E22 -> 1923.599 | K22: =I22/D22 -> 0.2 | L22: =F22+I22 -> 2 | M22: =G22+J22 -> 3847.198 | N22: =H22+K22 -> 0.4
A23: 1.3 | B23: Aluguel mensal container para almoxarifado, incl. porta, 2 janelas, 1 pt iluminação, Isolamento térmico (teto), piso em comp. Naval pintado, cert. NR18, incl. laudo descontaminação. | C23: ms | D23: 12 | E23: 796.29759 | F23: 1 | G23: =F23*E23 -> 796.29759 | H23: =F23/D23 -> 0.083333333 | I23: 3 | J23: =I23*E23 -> 2388.8928 | K23: =I23/D23 -> 0.25 | L23: =F23+I23 -> 4 | M23: =G23+J23 -> 3185.1904 | N23: =H23+K23 -> 0.33333333
A24: 2 | B24: SERVIÇOS PRELIMINARES | J24: =SUM(J25:J51) -> 7077.5343 | M24: =SUM(M25:M51) -> 20957.758
A25: 2.1 | B25: Remoção de pintura antiga a óleo ou esmalte | C25: m2 | D25: 58.95 | E25: 14.431877 | F25: 0 | G25: =F25*E25 -> 0 | H25: =F25/D25 -> 0 | J25: =I25*E25 -> 0 | K25: =I25/D25 -> 0 | L25: =F25+I25 -> 0 | M25: =G25+J25 -> 0 | N25: =H25+K25 -> 0
A26: 2.2 | B26: Retirada de pontos elétricos (luminárias, interruptores e tomadas) | C26: und | D26: 67 | E26: 11.634313 | F26: 0 | G26: =F26*E26 -> 0 | H26: =F26/D26 -> 0 | I26: 12 | J26: =I26*E26 -> 139.61176 | K26: =I26/D26 -> 0.17910448 | L26: =F26+I26 -> 12 | M26: =G26+J26 -> 139.61176 | N26: =H26+K26 -> 0.17910448
A27: 2.3 | B27: Retirada de caixas/quadros elétricos | C27: und | D27: 4 | E27: 15.797354 | F27: 0 | G27: =F27*E27 -> 0 | H27: =F27/D27 -> 0 | J27: =I27*E27 -> 0 | K27: =I27/D27 -> 0 | L27: =F27+I27 -> 0 | M27: =G27+J27 -> 0 | N27: =H27+K27 -> 0
A28: 2.4 | B28: Retirada de disjuntor | C28: und | D28: 19 | E28: 21.725525 | F28: 0 | G28: =F28*E28 -> 0 | H28: =F28/D28 -> 0 | J28: =I28*E28 -> 0 | K28: =I28/D28 -> 0 | L28: =F28+I28 -> 0 | M28: =G28+J28 -> 0 | N28: =H28+K28 -> 0
A29: 2.5 | B29: Retirada de vidros quebrados | C29: m2 | D29: 2.94 | E29: 3.752288 | F29: 0 | G29: =F29*E29 -> 0 | H29: =F29/D29 -> 0 | I29: 2.94 | J29: =I29*E29 -> 11.031727 | K29: =I29/D29 -> 1 | L29: =F29+I29 -> 2.94 | M29: =G29+J29 -> 11.031727 | N29: =H29+K29 -> 1
A30: 2.6 | B30: Demolição de revestimento com azulejos | C30: m2 | D30: 127.76 | E30: 53.164814 | F30: 0 | G30: =F30*E30 -> 0 | H30: =F30/D30 -> 0 | J30: =I30*E30 -> 0 | K30: =I30/D30 -> 0 | L30: =F30+I30 -> 0 | M30: =G30+J30 -> 0 | N30: =H30+K30 -> 0
A31: 2.7 | B31: Retirada de portas e janelas de madeira, inclusive batentes | C31: m2 | D31: 13.02 | E31: 17.007412 | F31: 0 | G31: =F31*E31 -> 0 | H31: =F31/D31 -> 0 | J31: =I31*E31 -> 0 | K31: =I31/D31 -> 0 | L31: =F31+I31 -> 0 | M31: =G31+J31 -> 0 | N31: =H31+K31 -> 0
A32: 2.8 | B32: Retirada de bandeira de porta | C32: und | D32: 2 | E32: 32.327404 | F32: 0 | G32: =F32*E32 -> 0 | H32: =F32/D32 -> 0 | J32: =I32*E32 -> 0 | K32: =I32/D32 -> 0 | L32: =F32+I32 -> 0 | M32: =G32+J32 -> 0 | N32: =H32+K32 -> 0
A33: 2.9 | B33: Lixamento de parede com pintura antiga PVA para recebimento de nova camada de tinta | C33: m2 | D33: 946.29 | E33: 4.0076212 | F33: 0 | G33: =F33*E33 -> 0 | H33: =F33/D33 -> 0 | I33: 475.22 | J33: =I33*E33 -> 1904.5017 | K33: =I33/D33 -> 0.50219277 | L33: =F33+I33 -> 475.22 | M33: =G33+J33 -> 1904.5017 | N33: =H33+K33 -> 0.50219277
A34: 2.10 | B34: Retirada de revestimento antigo em reboco | C34: m2 | D34: 550.74 | E34: 10.635183 | F34: 148.92 | G34: =F34*E34 -> 1583.7915 | H34: =F34/D34 -> 0.27039983 | I34: 22.24 | J34: =I34*E34 -> 236.52647 | K34: =I34/D34 -> 0.040382031 | L34: =F34+I34 -> 171.16 | M34: =G34+J34 -> 1820.3179 | N34: =H34+K34 -> 0.31078186
A35: 2.11 | B35: Retirada de aparelhos sanitários | C35: und | D35: 13 | E35: 21.99196 | F35: 0 | G35: =F35*E35 -> 0 | H35: =F35/D35 -> 0 | J35: =I35*E35 -> 0 | K35: =I35/D35 -> 0 | L35: =F35+I35 -> 0 | M35: =G35+J35 -> 0 | N35: =H35+K35 -> 0
A36: 2.12 | B36: Demolição de alvenaria | C36: m3 | D36: 4.281 | E36: 63.788895 | F36: 0 | G36: =F36*E36 -> 0 | H36: =F36/D36 -> 0 | J36: =I36*E36 -> 0 | K36: =I36/D36 -> 0 | L36: =F36+I36 -> 0 | M36: =G36+J36 -> 0 | N36: =H36+K36 -> 0
A37: 2.13 | B37: Limpeza de pisos e revestimentos cerâmicos | C37: m2 | D37: 169.49 | E37: 26.632363 | F37: 0 | G37: =F37*E37 -> 0 | H37: =F37/D37 -> 0 | J37: =I37*E37 -> 0 | K37: =I37/D37 -> 0 | L37: =F37+I37 -> 0 | M37: =G37+J37 -> 0 | N37: =H37+K37 -> 0
A38: 2.14 | B38: Retirada de pintura antiga a base de PVA | C38: m2 | D38: 877.84 | E38: 6.8162864 | F38: 0 | G38: =F38*E38 -> 0 | H38: =F38/D38 -> 0 | J38: =I38*E38 -> 0 | K38: =I38/D38 -> 0 | L38: =F38+I38 -> 0 | M38: =G38+J38 -> 0 | N38: =H38+K38 -> 0
A39: 2.15 | B39: Demolição de piso cimentado inclusive lastro de concreto | C39: m2 | D39: 7.8 | E39: 27.642595 | F39: 7.8 | G39: =F39*E39 -> 215.61224 | H39: =F39/D39 -> 1 | J39: =I39*E39 -> 0 | K39: =I39/D39 -> 0 | L39: =F39+I39 -> 7.8 | M39: =G39+J39 -> 215.61224 | N39: =H39+K39 -> 1
A40: 2.16 | B40: Corte de capoeira fina, a foice (manual) | C40: m2 | D40: 32.5 | E40: 1.4542891 | F40: 0 | G40: =F40*E40 -> 0 | H40: =F40/D40 -> 0 | J40: =I40*E40 -> 0 | K40: =I40/D40 -> 0 | L40: =F40+I40 -> 0 | M40: =G40+J40 -> 0 | N40: =H40+K40 -> 0
A41: 2.17 | B41: Demolição de piso revestido com cerâmica | C41: m2 | D41: 50.61 | E41: 14.887036 | F41: 0 | G41: =F41*E41 -> 0 | H41: =F41/D41 -> 0 | J41: =I41*E41 -> 0 | K41: =I41/D41 -> 0 | L41: =F41+I41 -> 0 | M41: =G41+J41 -> 0 | N41: =H41+K41 -> 0
A42: 2.18 | B42: Demolição manual de concreto simples (EMOP 05.001.001) | C42: m3 | D42: 11.68 | E42: 299.82779 | F42: 0 | G42: =F42*E42 -> 0 | H42: =F42/D42 -> 0 | J42: =I42*E42 -> 0 | K42: =I42/D42 -> 0 | L42: =F42+I42 -> 0 | M42: =G42+J42 -> 0 | N42: =H42+K42 -> 0
A43: 2.19 | B43: Retirada de bancada de pia | C43: m2 | D43: 0.85 | E43: 26.388132 | F43: 0 | G43: =F43*E43 -> 0 | H43: =F43/D43 -> 0 | J43: =I43*E43 -> 0 | K43: =I43/D43 -> 0 | L43: =F43+I43 -> 0 | M43: =G43+J43 -> 0 | N43: =H43+K43 -> 0
A44: 2.20 | B44: Remoção de cobertura em telha metálica, exclusive estrutura | C44: m2 | D44: 47.78 | E44: 9.2364011 | F44: 0 | G44: =F44*E44 -> 0 | H44: =F44/D44 -> 0 | J44: =I44*E44 -> 0 | K44: =I44/D44 -> 0 | L44: =F44+I44 -> 0 | M44: =G44+J44 -> 0 | N44: =H44+K44 -> 0
A45: 2.21 | B45: Lixamento manual em superfícies metálicas em obra | C45: m2 | D45: 3836.31 | E45: 9.0965229 | F45: 1206.58 | G45: =F45*E45 -> 10975.683 | H45: =F45/D45 -> 0.31451577 | I45: 526.12 | J45: =I45*E45 -> 4785.8626 | K45: =I45/D45 -> 0.1371422 | L45: =F45+I45 -> 1732.7 | M45: =G45+J45 -> 15761.545 | N45: =H45+K45 -> 0.45165797
A46: 2.22 | B46: Remoção de tela galvanizada | C46: m2 | D46: 663.08 | E46: 3.7467372 | F46: 294.96 | G46: =F46*E46 -> 1105.1376 | H46: =F46/D46 -> 0.4448332 | J46: =I46*E46 -> 0 | K46: =I46/D46 -> 0 | L46: =F46+I46 -> 294.96 | M46: =G46+J46 -> 1105.1376 | N46: =H46+K46 -> 0.4448332
A47: 2.23 | B47: Retirada de grades, gradis, alambrados, cercas e portões | C47: m2 | D47: 46.55 | E47: 5.6206609 | F47: 0 | G47: =F47*E47 -> 0 | H47: =F47/D47 -> 0 | J47: =I47*E47 -> 0 | K47: =I47/D47 -> 0 | L47: =F47+I47 -> 0 | M47: =G47+J47 -> 0 | N47: =H47+K47 -> 0
A48: 2.24 | B48: Remoção de cabos elétricos, de forma manual, sem reaproveitamento | C48: m | D48: 619.56 | E48: 0.63500258 | F48: 0 | G48: =F48*E48 -> 0 | H48: =F48/D48 -> 0 | J48: =I48*E48 -> 0 | K48: =I48/D48 -> 0 | L48: =F48+I48 -> 0 | M48: =G48+J48 -> 0 | N48: =H48+K48 -> 0
A49: 2.25 | B49: Remoção de calha de zinco | C49: m | D49: 28.4 | E49: 11.241322 | F49: 0 | G49: =F49*E49 -> 0 | H49: =F49/D49 -> 0 | J49: =I49*E49 -> 0 | K49: =I49/D49 -> 0 | L49: =F49+I49 -> 0 | M49: =G49+J49 -> 0 | N49: =H49+K49 -> 0
A50: 2.26 | B50: Serviço de soldagem para recuperação de tirantes | C50: Kg | D50: 50.5 | E50: 1.399408 | F50: 0 | G50: =F50*E50 -> 0 | H50: =F50/D50 -> 0 | J50: =I50*E50 -> 0 | K50: =I50/D50 -> 0 | L50: =F50+I50 -> 0 | M50: =G50+J50 -> 0 | N50: =H50+K50 -> 0
A51: 2.27 | B51: Limpeza de superfície com jato de alta pressão. | C51: m2 | D51: 75.8 | E51: 1.6995755 | F51: 0 | G51: =F51*E51 -> 0 | H51: =F51/D51 -> 0 | J51: =I51*E51 -> 0 | K51: =I51/D51 -> 0 | L51: =F51+I51 -> 0 | M51: =G51+J51 -> 0 | N51: =H51+K51 -> 0
A52: 3 | B52: MOVIMENTAÇÃO DE TERRA | J52: =SUM(J53:J55) -> 0 | M52: =SUM(M53:M55) -> 0
A53: 3.1.1 | B53: Escavação manual em material de 1a. categoria, até 1.50 m de profundidade | C53: m3 | D53: 57.839 | E53: 60.90252 | F53: 0 | G53: =F53*E53 -> 0 | H53: =F53/D53 -> 0 | J53: =I53*E53 -> 0 | K53: =I53/D53 -> 0 | L53: =F53+I53 -> 0 | M53: =G53+J53 -> 0 | N53: =H53+K53 -> 0
A54: 3.1.2 | B54: Reaterro apiloado de cavas de fundação, em camadas de 20 cm | C54: m3 | D54: 7.59 | E54: 65.587329 | F54: 0 | G54: =F54*E54 -> 0 | H54: =F54/D54 -> 0 | J54: =I54*E54 -> 0 | K54: =I54/D54 -> 0 | L54: =F54+I54 -> 0 | M54: =G54+J54 -> 0 | N54: =H54+K54 -> 0
A55: 3.1.3 | B55: Aterro manual de valas com solo argilo-arenoso e compactação mecanizada | C55: m3 | D55: 35.56 | E55: 81.984562 | F55: 0 | G55: =F55*E55 -> 0 | H55: =F55/D55 -> 0 | J55: =I55*E55 -> 0 | K55: =I55/D55 -> 0 | L55: =F55+I55 -> 0 | M55: =G55+J55 -> 0 | N55: =H55+K55 -> 0
A56: 4 | B56: INFRAESTRUTURA E SUPERESTRUTURA | J56: =SUM(J58:J70) -> 0 | M56: =SUM(M58:M70) -> 0
A57: 4.1 | B57: INFRAESTRUTURA
A58: 4.1.1 | B58: Fornecimento, preparo e aplicação de concreto magro com consumo mínimo de cimento de 250 kg/m3 (brita 1 e 2) - (5% de perdas já incluído no custo) | C58: m3 | D58: 1.118925 | E58: 732.25122 | F58: 0 | G58: =F58*E58 -> 0 | H58: =F58/D58 -> 0 | J58: =I58*E58 -> 0 | K58: =I58/D58 -> 0 | L58: =F58+I58 -> 0 | M58: =G58+J58 -> 0 | N58: =H58+K58 -> 0
A59: 4.1.2 | B59: Fôrma de chapa compensada resinada 12mm, levando-se em conta a utilização 3 vezes (incluido o material, corte, montagem, escoramento e desfôrma) | C59: m2 | D59: 102.98 | E59: 92.164185 | F59: 0 | G59: =F59*E59 -> 0 | H59: =F59/D59 -> 0 | J59: =I59*E59 -> 0 | K59: =I59/D59 -> 0 | L59: =F59+I59 -> 0 | M59: =G59+J59 -> 0 | N59: =H59+K59 -> 0
A60: 4.1.3 | B60: Fornecimento, dobragem e colocação em fôrma, de armadura CA-60 B fina, diâmetro de 4.0 a 7.0mm | C60: kg | D60: 271.12 | E60: 12.333704 | F60: 0 | G60: =F60*E60 -> 0 | H60: =F60/D60 -> 0 | J60: =I60*E60 -> 0 | K60: =I60/D60 -> 0 | L60: =F60+I60 -> 0 | M60: =G60+J60 -> 0 | N60: =H60+K60 -> 0
A61: 4.1.4 | B61: Fornecimento, dobragem e colocação em fôrma, de armadura CA-50 A média, diâmetro de 6.3 a 10.0 mm | C61: kg | D61: 487.91 | E61: 11.856342 | F61: 0 | G61: =F61*E61 -> 0 | H61: =F61/D61 -> 0 | J61: =I61*E61 -> 0 | K61: =I61/D61 -> 0 | L61: =F61+I61 -> 0 | M61: =G61+J61 -> 0 | N61: =H61+K61 -> 0
A62: 4.1.5 | B62: Fornecimento, dobragem e colocação em fôrma, de armadura CA-50 A grossa diâmetro de 12.5 a 25.0 mm (1/2 a 1") | C62: kg | D62: 222.05 | E62: 12.511327 | F62: 0 | G62: =F62*E62 -> 0 | H62: =F62/D62 -> 0 | J62: =I62*E62 -> 0 | K62: =I62/D62 -> 0 | L62: =F62+I62 -> 0 | M62: =G62+J62 -> 0 | N62: =H62+K62 -> 0
A63: 4.1.6 | B63: Fornecimento, preparo e aplicação de concreto Fck=25 MPa (brita 1 e 2) - (5% de perdas já incluído no custo) | C63: m3 | D63: 14.67 | E63: 807.55232 | F63: 0 | G63: =F63*E63 -> 0 | H63: =F63/D63 -> 0 | J63: =I63*E63 -> 0 | K63: =I63/D63 -> 0 | L63: =F63+I63 -> 0 | M63: =G63+J63 -> 0 | N63: =H63+K63 -> 0
A64: 4.1.7 | B64: Aplicação de lona plástica para execução de pavimentos de concreto | C64: m² | D64: 69.32 | E64: 1.6606872 | F64: 0 | G64: =F64*E64 -> 0 | H64: =F64/D64 -> 0 | J64: =I64*E64 -> 0 | K64: =I64/D64 -> 0 | L64: =F64+I64 -> 0 | M64: =G64+J64 -> 0 | N64: =H64+K64 -> 0
A65: 4.2 | B65: SUPERESTRUTURA
A66: 4.2.1 | B66: Fornecimento, dobragem e colocação em fôrma, de armadura CA-50 A média, diâmetro de 6.3 a 10.0 mm | C66: kg | D66: 827.62 | E66: 11.856342 | F66: 0 | G66: =F66*E66 -> 0 | H66: =F66/D66 -> 0 | J66: =I66*E66 -> 0 | K66: =I66/D66 -> 0 | L66: =F66+I66 -> 0 | M66: =G66+J66 -> 0 | N66: =H66+K66 -> 0
A67: 4.2.2 | B67: Fornecimento, dobragem e colocação em fôrma, de armadura CA-50 A grossa, diâmetro de 12.5 a 25.0mm | C67: kg | D67: 824.15 | E67: 12.511327 | F67: 0 | G67: =F67*E67 -> 0 | H67: =F67/D67 -> 0 | J67: =I67*E67 -> 0 | K67: =I67/D67 -> 0 | L67: =F67+I67 -> 0 | M67: =G67+J67 -> 0 | N67: =H67+K67 -> 0
A68: 4.2.3 | B68: Fôrma em chapa de madeira compensada plastificada 12mm para estrutura em geral, 5 reaproveitamentos, reforçada com sarrafos de madeira 2.5x10cm (incl material, corte, montagem, escoras em eucalipto e desforma) | C68: m2 | D68: 194.86 | E68: 109.83768 | F68: 0 | G68: =F68*E68 -> 0 | H68: =F68/D68 -> 0 | J68: =I68*E68 -> 0 | K68: =I68/D68 -> 0 | L68: =F68+I68 -> 0 | M68: =G68+J68 -> 0 | N68: =H68+K68 -> 0
A69: 4.2.4 | B69: Fornecimento, preparo e aplicação de concreto Fck=25 MPa (brita 1 e 2) - (5% de perdas já incluído no custo) | C69: m3 | D69: 12.534 | E69: 926.42658 | F69: 0 | G69: =F69*E69 -> 0 | H69: =F69/D69 -> 0 | J69: =I69*E69 -> 0 | K69: =I69/D69 -> 0 | L69: =F69+I69 -> 0 | M69: =G69+J69 -> 0 | N69: =H69+K69 -> 0
A70: 4.2.5 | B70: Laje pré-fabricada treliçada para forro simples revestido, vão até 3.5m, capeamento 2cm, esp. 10cm, Fck = 150Kg/cm2 | C70: m2 | D70: 228.54 | E70: 130.06451 | F70: 0 | G70: =F70*E70 -> 0 | H70: =F70/D70 -> 0 | J70: =I70*E70 -> 0 | K70: =I70/D70 -> 0 | L70: =F70+I70 -> 0 | M70: =G70+J70 -> 0 | N70: =H70+K70 -> 0
A71: 5 | B71: PAREDES E PAINÉIS | J71: =SUM(J72:J83) -> 723.80525 | M71: =SUM(M72:M83) -> 10999.909
A72: 5.1 | B72: Alvenaria de blocos cerâmicos 10 furos 10x20x20cm, assentados c/argamassa de cimento, cal hidratada CH1 e areia traço 1:0,5:8, esp. das juntas 12mm e esp. das paredes s/revestimento, 10cm (bloco comprado na fábrica, posto obra) | C72: m2 | D72: 276.34 | E72: 71.382283 | F72: 0 | G72: =F72*E72 -> 0 | H72: =F72/D72 -> 0 | J72: =I72*E72 -> 0 | K72: =I72/D72 -> 0 | L72: =F72+I72 -> 0 | M72: =G72+J72 -> 0 | N72: =H72+K72 -> 0
A73: 5.2 | B73: Alvenaria de blocos de concreto 14x19x39cm, c/ resist. mínimo a compres. 2.5 MPa, assent. c/ arg. de cimento, cal hidratada CH1 e areia no traço 1:0.5:8 esp. das juntas 10mm e esp. das paredes, s/ rev. 14cm | C73: m2 | D73: 0.16 | E73: 96.615864 | F73: 0 | G73: =F73*E73 -> 0 | H73: =F73/D73 -> 0 | I73: 0.16 | J73: =I73*E73 -> 15.458538 | K73: =I73/D73 -> 1 | L73: =F73+I73 -> 0.16 | M73: =G73+J73 -> 15.458538 | N73: =H73+K73 -> 1
A74: 5.3 | B74: Alvenaria de blocos de concreto estrut. (14x19x39cm) cheios, c/ resist. mín. compr. 15MPa, assentados c/ arg. de cimento e areia no traço 1:4, esp. juntas 10mm e esp. da parede s/ revest. 14cm | C74: m2 | D74: 71.05 | E74: 149.36992 | F74: 0 | G74: =F74*E74 -> 0 | H74: =F74/D74 -> 0 | J74: =I74*E74 -> 0 | K74: =I74/D74 -> 0 | L74: =F74+I74 -> 0 | M74: =G74+J74 -> 0 | N74: =H74+K74 -> 0
A75: 5.4 | B75: Alvenaria de blocos de concreto estrut. (19x19x39cm) cheios, c/ resist. mín. compr. 15MPa, assentados c/ arg. cimento e areia no traço 1:4, esp. juntas de 10mm e esp. da parede s/ revest. 19cm | C75: m2 | D75: 18.59 | E75: 282.25421 | F75: 0 | G75: =F75*E75 -> 0 | H75: =F75/D75 -> 0 | J75: =I75*E75 -> 0 | K75: =I75/D75 -> 0 | L75: =F75+I75 -> 0 | M75: =G75+J75 -> 0 | N75: =H75+K75 -> 0
A76: 5.5 | B76: Chapisco de argamassa de cimento e areia média ou grossa lavada, no traço 1:3, espessura 5 mm | C76: m2 | D76: 1406.32 | E76: 7.8487207 | F76: 142.54 | G76: =F76*E76 -> 1118.7566 | H76: =F76/D76 -> 0.10135673 | I76: 6.76 | J76: =I76*E76 -> 53.057352 | K76: =I76/D76 -> 0.0048068718 | L76: =F76+I76 -> 149.3 | M76: =G76+J76 -> 1171.814 | N76: =H76+K76 -> 0.1061636
A77: 5.6 | B77: Emboço de argamassa de cimento, cal hidratada CH1 e areia média ou grossa lavada no traço 1:0.5:6, espessura 20 mm | C77: m2 | D77: 224.57 | E77: 37.811517 | F77: 0 | G77: =F77*E77 -> 0 | H77: =F77/D77 -> 0 | J77: =I77*E77 -> 0 | K77: =I77/D77 -> 0 | L77: =F77+I77 -> 0 | M77: =G77+J77 -> 0 | N77: =H77+K77 -> 0
A78: 5.7 | B78: Reboco tipo paulista de argamassa de cimento, cal hidratada CH1 e areia média ou grossa lavada no traço 1:0.5:6, espessura 25 mm | C78: m2 | D78: 1148.32 | E78: 64.244054 | F78: 142.54 | G78: =F78*E78 -> 9157.3475 | H78: =F78/D78 -> 0.12412916 | I78: 10.2 | J78: =I78*E78 -> 655.28936 | K78: =I78/D78 -> 0.0088825415 | L78: =F78+I78 -> 152.74 | M78: =G78+J78 -> 9812.6369 | N78: =H78+K78 -> 0.1330117
A79: 5.8 | B79: Divisória de granito com 3 cm de espessura, assentada com argamassa de cimento e areia no traço 1:3, na cor cinza | C79: m2 | D79: 20.98 | E79: 562.52125 | F79: 0 | G79: =F79*E79 -> 0 | H79: =F79/D79 -> 0 | J79: =I79*E79 -> 0 | K79: =I79/D79 -> 0 | L79: =F79+I79 -> 0 | M79: =G79+J79 -> 0 | N79: =H79+K79 -> 0
A80: 5.9 | B80: Verga/contraverga reta de concreto armado 10 x 5 cm, Fck = 15 MPa, inclusive forma, armação e desforma | C80: m | D80: 47.5 | E80: 10.490864 | F80: 0 | G80: =F80*E80 -> 0 | H80: =F80/D80 -> 0 | J80: =I80*E80 -> 0 | K80: =I80/D80 -> 0 | L80: =F80+I80 -> 0 | M80: =G80+J80 -> 0 | N80: =H80+K80 -> 0
A81: 5.10 | B81: Cobogó de concreto 40 x 40 x 10 cm, tipo reto, assentados com argamassa de cimento e areia no traço 1:3, espessura das juntas 15 mm | C81: m2 | D81: 9.66 | E81: 187.48118 | F81: 0 | G81: =F81*E81 -> 0 | H81: =F81/D81 -> 0 | J81: =I81*E81 -> 0 | K81: =I81/D81 -> 0 | L81: =F81+I81 -> 0 | M81: =G81+J81 -> 0 | N81: =H81+K81 -> 0
A82: 5.11 | B82: Apicoamento de superfície com revestimento em argamassa | C82: m2 | D82: 99.73 | E82: 10.635183 | F82: 0 | G82: =F82*E82 -> 0 | H82: =F82/D82 -> 0 | J82: =I82*E82 -> 0 | K82: =I82/D82 -> 0 | L82: =F82+I82 -> 0 | M82: =G82+J82 -> 0 | N82: =H82+K82 -> 0
A83: 5.12 | B83: Piso cerâmico esmaltado, PEI 5, acabamento semibrilho, dim. 45x45cm, ref. de cor CARGO PLUS WHITE Eliane/equiv. assentado com argamassa de cimento colante, inclusive rejuntamento | C83: m2 | D83: 50.61 | E83: 84.81503 | F83: 0 | G83: =F83*E83 -> 0 | H83: =F83/D83 -> 0 | J83: =I83*E83 -> 0 | K83: =I83/D83 -> 0 | L83: =F83+I83 -> 0 | M83: =G83+J83 -> 0 | N83: =H83+K83 -> 0
A84: 6. | B84: TETOS E FORROS | J84: =SUM(J85:J85) -> 0 | M84: =SUM(M85:M85) -> 0
A85: 6.1 | B85: Forro de gesso acabamento tipo liso | C85: m2 | D85: 58.34 | E85: 57.702724 | F85: 0 | G85: =F85*E85 -> 0 | H85: =F85/D85 -> 0 | J85: =I85*E85 -> 0 | K85: =I85/D85 -> 0 | L85: =F85+I85 -> 0 | M85: =G85+J85 -> 0 | N85: =H85+K85 -> 0
A86: 7 | B86: TETOS E FORROS | J86: =SUM(J87:J91) -> 558.4695 | M86: =SUM(M87:M91) -> 558.4695
A87: 7.1 | B87: Piso argamassa alta resistência tipo granilite ou equiv de qualidade comprovada, esp de 10mm, com juntas plástica em quadros de 1m, na cor natural, com acabamento polido mecanizado, inclusive regularização e=3.0cm | C87: m2 | D87: 178.72 | E87: 156.0863 | F87: 0 | G87: =F87*E87 -> 0 | H87: =F87/D87 -> 0 | J87: =I87*E87 -> 0 | K87: =I87/D87 -> 0 | L87: =F87+I87 -> 0 | M87: =G87+J87 -> 0 | N87: =H87+K87 -> 0
A88: 7.2 | B88: Azulejo branco 15 x 15 cm, juntas a prumo, assentado com argamassa de cimento colante, inclusive rejuntamento com cimento branco, marcas de referência Eliane, Cecrisa ou Portobello | C88: m2 | D88: 332.47 | E88: 116.03229 | F88: 0 | G88: =F88*E88 -> 0 | H88: =F88/D88 -> 0 | J88: =I88*E88 -> 0 | K88: =I88/D88 -> 0 | L88: =F88+I88 -> 0 | M88: =G88+J88 -> 0 | N88: =H88+K88 -> 0
A89: 7.3 | B89: Rodapé de granito cinza esp. 2cm, h=7cm, assentado com argamassa de cimento, cal hidratada CH1 e areia no traço 1:0,5:8, incl. rejuntamento com cimento branco | C89: m | D89: 63.75 | E89: 49.60125 | F89: 0 | G89: =F89*E89 -> 0 | H89: =F89/D89 -> 0 | J89: =I89*E89 -> 0 | K89: =I89/D89 -> 0 | L89: =F89+I89 -> 0 | M89: =G89+J89 -> 0 | N89: =H89+K89 -> 0
A90: 7.4 | B90: Soleira de granito esp. 2 cm e largura de 15 cm | C90: m | D90: 2 | E90: 60.158723 | F90: 0 | G90: =F90*E90 -> 0 | H90: =F90/D90 -> 0 | J90: =I90*E90 -> 0 | K90: =I90/D90 -> 0 | L90: =F90+I90 -> 0 | M90: =G90+J90 -> 0 | N90: =H90+K90 -> 0
A91: 7.5 | B91: Piso cimentado liso com 1.5 cm de espessura, de argamassa de cimento e areia no traço 1:3 e juntas plásticas em quadros de 1 m | C91: m2 | D91: 8.525 | E91: 65.509619 | F91: 0 | G91: =F91*E91 -> 0 | H91: =F91/D91 -> 0 | I91: 8.525 | J91: =I91*E91 -> 558.4695 | K91: =I91/D91 -> 1 | L91: =F91+I91 -> 8.525 | M91: =G91+J91 -> 558.4695 | N91: =H91+K91 -> 1
A92: 8 | B92: ESQUADRIAS METÁLICAS | J92: =SUM(J93:J100) -> 0 | M92: =SUM(M93:M100) -> 0
A93: 8.1 | B93: Porta de abrir tipo veneziana em alumínio anodizado, linha 25, completa, incl. puxador com tranca, caixilho, alizar e contramarco | C93: m2 | D93: 32.93 | E93: 1290.6649 | F93: 0 | G93: =F93*E93 -> 0 | H93: =F93/D93 -> 0 | J93: =I93*E93 -> 0 | K93: =I93/D93 -> 0 | L93: =F93+I93 -> 0 | M93: =G93+J93 -> 0 | N93: =H93+K93 -> 0
A94: 8.2 | B94: Portão de ferro de abrir em barra chata, inclusive chumbamento | C94: m2 | D94: 7.14 | E94: 604.70674 | F94: 0 | G94: =F94*E94 -> 0 | H94: =F94/D94 -> 0 | J94: =I94*E94 -> 0 | K94: =I94/D94 -> 0 | L94: =F94+I94 -> 0 | M94: =G94+J94 -> 0 | N94: =H94+K94 -> 0
A95: 8.3 | B95: Janela de correr para vidro em alumínio anodizado cor natural, linha 25, completa, incl. puxador com tranca, alizar, caixilho e contramarco, exclusive vidro | C95: m2 | D95: 2.4 | E95: 652.82039 | F95: 0 | G95: =F95*E95 -> 0 | H95: =F95/D95 -> 0 | J95: =I95*E95 -> 0 | K95: =I95/D95 -> 0 | L95: =F95+I95 -> 0 | M95: =G95+J95 -> 0 | N95: =H95+K95 -> 0
A96: 8.4 | B96: Grade de ferro em barra chata, inclusive chumbamento | C96: m2 | D96: 5.84 | E96: 371.04355 | F96: 0 | G96: =F96*E96 -> 0 | H96: =F96/D96 -> 0 | J96: =I96*E96 -> 0 | K96: =I96/D96 -> 0 | L96: =F96+I96 -> 0 | M96: =G96+J96 -> 0 | N96: =H96+K96 -> 0
A97: 8.5 | B97: Báscula para vidro em alumínio anodizado cor natural, linha 25, completa, com tranca, caixilho, alizar e contramarco, exclusive vidro | C97: m2 | D97: 3.81 | E97: 773.45978 | F97: 0 | G97: =F97*E97 -> 0 | H97: =F97/D97 -> 0 | J97: =I97*E97 -> 0 | K97: =I97/D97 -> 0 | L97: =F97+I97 -> 0 | M97: =G97+J97 -> 0 | N97: =H97+K97 -> 0
A98: 8.6 | B98: Fornecimento e instalação Portão de Abrir em Gradil Nylofor 3D, em painel de aço galvanizado, Dim.: 1,00 x 2,43m - Belgo ou equivalente, malha retangular 200x50mm e fio de aço Ø5,0mm, incl. poste de aço galv. 60x40mm | C98: und | D98: 1 | E98: 3288.0367 | F98: 0 | G98: =F98*E98 -> 0 | H98: =F98/D98 -> 0 | J98: =I98*E98 -> 0 | K98: =I98/D98 -> 0 | L98: =F98+I98 -> 0 | M98: =G98+J98 -> 0 | N98: =H98+K98 -> 0
A99: 8.7 | B99: Guarda corpo de tubo de ferro galvanizado, diâm. 3" e 2", h=0.8 m inclusive pintura a óleo ou esmalte | C99: m | D99: 2.12 | E99: 371.99828 | F99: 0 | G99: =F99*E99 -> 0 | H99: =F99/D99 -> 0 | J99: =I99*E99 -> 0 | K99: =I99/D99 -> 0 | L99: =F99+I99 -> 0 | M99: =G99+J99 -> 0 | N99: =H99+K99 -> 0
A100: 8.8 | B100: Porta de enrolar, em perfil meia cana fechado, em chapa de aço galvanizado n.º 22 | C100: m2 | D100: 2.2 | E100: 384.8593 | F100: 0 | G100: =F100*E100 -> 0 | H100: =F100/D100 -> 0 | J100: =I100*E100 -> 0 | K100: =I100/D100 -> 0 | L100: =F100+I100 -> 0 | M100: =G100+J100 -> 0 | N100: =H100+K100 -> 0
A101: 9 | B101: ESQUADRIAS DE MADEIRA | J101: =SUM(J102:J105) -> 0 | M101: =SUM(M102:M105) -> 0
A102: 9.1 | B102: Marco de madeira de lei de 1ª (Peroba, Ipê, Angelim Pedra ou equivalente) com 15x3 cm de batente, nas dimensões de 0.60 x 2.10 m | C102: und | D102: 1 | E102: 444.57951 | F102: 0 | G102: =F102*E102 -> 0 | H102: =F102/D102 -> 0 | J102: =I102*E102 -> 0 | K102: =I102/D102 -> 0 | L102: =F102+I102 -> 0 | M102: =G102+J102 -> 0 | N102: =H102+K102 -> 0
A103: 9.2 | B103: Marco de madeira de lei de 1ª (Peroba, Ipê, Angelim Pedra ou equivalente) com 15x3 cm de batente, nas dimensões de 0.80 x 2.10 m | C103: und | D103: 2 | E103: 444.57951 | F103: 0 | G103: =F103*E103 -> 0 | H103: =F103/D103 -> 0 | J103: =I103*E103 -> 0 | K103: =I103/D103 -> 0 | L103: =F103+I103 -> 0 | M103: =G103+J103 -> 0 | N103: =H103+K103 -> 0
A104: 9.3 | B104: Porta em madeira de lei tipo angelim pedra ou equiv.c/enchimento em madeira 1a.qualidade esp. 30mm p/ pintura, inclusive alizares, dobradiças e fechadura externa em latão cromado LaFonte ou equiv., exclusive marco, nas dim.:0.60 x 2.10 m | C104: und | D104: 1 | E104: 1249.4342 | F104: 0 | G104: =F104*E104 -> 0 | H104: =F104/D104 -> 0 | J104: =I104*E104 -> 0 | K104: =I104/D104 -> 0 | L104: =F104+I104 -> 0 | M104: =G104+J104 -> 0 | N104: =H104+K104 -> 0
A105: 9.4 | B105: Porta em madeira de lei tipo angelim pedra ou equiv.c/enchimento em madeira 1a.qualidade esp. 30mm p/ pintura, inclusive alizares, dobradiças e fechadura externa em latão cromado LaFonte ou equiv., exclusive marco, nas dim.: 0.80 x 2.10 m | C105: und | D105: 2 | E105: 1277.9427 | F105: 0 | G105: =F105*E105 -> 0 | H105: =F105/D105 -> 0 | J105: =I105*E105 -> 0 | K105: =I105/D105 -> 0 | L105: =F105+I105 -> 0 | M105: =G105+J105 -> 0 | N105: =H105+K105 -> 0
A106: 10 | B106: INSTALAÇÕES HIDROSSANITÁRIAS | J106: =SUM(J107:J124) -> 0 | M106: =SUM(M107:M124) -> 0
A107: 10.1 | B107: Adaptador de PVC soldável com flanges livres para caixa d'água, diâmetro 40mm x 1 1/4" | C107: und | D107: 5 | E107: 39.399024 | F107: 0 | G107: =F107*E107 -> 0 | H107: =F107/D107 -> 0 | J107: =I107*E107 -> 0 | K107: =I107/D107 -> 0 | L107: =F107+I107 -> 0 | M107: =G107+J107 -> 0 | N107: =H107+K107 -> 0
A108: 10.2 | B108: Adaptador de PVC soldável com flanges livres para caixa d'água, diâmetro 50mm x 1 1/2" | C108: und | D108: 1 | E108: 44.550093 | F108: 0 | G108: =F108*E108 -> 0 | H108: =F108/D108 -> 0 | J108: =I108*E108 -> 0 | K108: =I108/D108 -> 0 | L108: =F108+I108 -> 0 | M108: =G108+J108 -> 0 | N108: =H108+K108 -> 0
A109: 10.3 | B109: Registro de gaveta bruto diam. 15mm (1/2") | C109: und | D109: 1 | E109: 61.180056 | F109: 0 | G109: =F109*E109 -> 0 | H109: =F109/D109 -> 0 | J109: =I109*E109 -> 0 | K109: =I109/D109 -> 0 | L109: =F109+I109 -> 0 | M109: =G109+J109 -> 0 | N109: =H109+K109 -> 0
A110: 10.4 | B110: Registro de gaveta bruto diam. 20mm (3/4") | C110: und | D110: 1 | E110: 71.948456 | F110: 0 | G110: =F110*E110 -> 0 | H110: =F110/D110 -> 0 | J110: =I110*E110 -> 0 | K110: =I110/D110 -> 0 | L110: =F110+I110 -> 0 | M110: =G110+J110 -> 0 | N110: =H110+K110 -> 0
A111: 10.5 | B111: Registro de gaveta bruto diam. 32mm (11/4") | C111: und | D111: 5 | E111: 137.46918 | F111: 0 | G111: =F111*E111 -> 0 | H111: =F111/D111 -> 0 | J111: =I111*E111 -> 0 | K111: =I111/D111 -> 0 | L111: =F111+I111 -> 0 | M111: =G111+J111 -> 0 | N111: =H111+K111 -> 0
...

Sheet MEMO CALCULO 02
B2: PREFEITURA MUNICIPAL DE SÃO ROQUE DO CANAÃ
B8: MEMÓRIA DE CÁLCULO 2ª MEDIÇÃO
B9: OBRA: REFORMA DE QUATRO QUADRAS POLIESPORTIVAS LOCALIZADAS EM SÃO JACINTO, VILA VERDE, SÃO BENTO E CÓRREGO SAÚDE, REFORMA E AMPLIAÇÃO DE UMA QUADRA POLIESPORTIVA, LOCALIZADA NA COMUNIDADE DE ALTO SANTA LUZIA, DISTRITO DE SANTA JÚLIA, NESTE MUNICÍPIO. | D9: DATA: 20/03/2025
B10: LOCAL: AVENIDA SEVERINO SIMONASSI, DISTRITO DE SÃO JACINTO; RUA JOSÉ CARLOS VOLPI, VILA VERDE; AVENIDA CATARINA GUIDONI VOLPI, SÃO BENTO; RODOVIA ES-080, COMUNIDADE DE NOSSA SENHORA DA SAÚDE, DISTRITO DE SÃO JACINTO; COMUNIDADE DE SANTA LUZIA, ZONA RURAL, DISTRITO DE SANTA JÚLIA. SÃO ROQUE DO CANAÃ
B11: ITEM | C11: DESCRIÇÃO | D11: UND | E11: QUANT.
B12: 1 | C12: =VLOOKUP(B12,'MEDIÇÃO 2'!$A$20:$C$234,2,0) -> INSTALAÇÃO DO CANTEIRO DE OBRAS
B13: 1.2 | C13: =VLOOKUP($B13,'MEDIÇÃO 2'!$A$20:$C$233,2,0) -> Mobilização e desmobilização de conteiner locado para barracão de obra | D13: =VLOOKUP($B13,'MEDIÇÃO 2'!$A$20:$C$233,3,0) -> und | E13: =SUM(D14:D15) -> 1
B14: Quadra São Jacinto: já instalado | D14: 0
B15: Quadra Nossa Senhora da Saúde : 1,00 und | D15: 1
B16: 1.3 | C16: =VLOOKUP($B16,'MEDIÇÃO 2'!$A$20:$C$233,2,0) -> Aluguel mensal container para almoxarifado, incl. porta, 2 janelas, 1 pt iluminação, Isolamento térmico (teto), piso em comp. Naval pintado, cert. NR18, incl. laudo descontaminação. | D16: =VLOOKUP($B16,'MEDIÇÃO 2'!$A$20:$C$233,3,0) -> ms | E16: =SUM(D17:D18) -> 3
B17: Quadra São Jacinto: 1,00 und | D17: 1
B18: Quadra Nossa Senhora da Saúde : 2,00 und | D18: 2
B20: 2 | C20: =VLOOKUP(B20,'MEDIÇÃO 2'!$A$20:$C$234,2,0) -> SERVIÇOS PRELIMINARES
B21: 2.2 | C21: =VLOOKUP($B21,'MEDIÇÃO 2'!$A$20:$C$233,2,0) -> Retirada de pontos elétricos (luminárias, interruptores e tomadas) | D21: =VLOOKUP($B21,'MEDIÇÃO 2'!$A$20:$C$233,3,0) -> und | E21: 12
B22: QUADRA NOSSA SENHORA DA SAÚDE
B23: Retirada de 12 pontos elétricos – refletores | D23: 12
B24: 2.5 | C24: =VLOOKUP($B24,'MEDIÇÃO 2'!$A$20:$C$233,2,0) -> Retirada de vidros quebrados | D24: =VLOOKUP($B24,'MEDIÇÃO 2'!$A$20:$C$233,3,0) -> m2 | E24: 2.94
B25: QUADRA SÃO JACINTO
B26: Retirada dos vidros dos banheiros: (4,90 m x 0,60 m) = 2,94 m² | D26: 2.94
B27: 2.9 | C27: =VLOOKUP($B27,'MEDIÇÃO 2'!$A$20:$C$233,2,0) -> Lixamento de parede com pintura antiga PVA para recebimento de nova camada de tinta | D27: =VLOOKUP($B27,'MEDIÇÃO 2'!$A$20:$C$233,3,0) -> m2 | E27: =SUM(D27:D51) -> 475.22
B28: Laje parte interna: (5,80 m x 8,20 m) = 47,56 m + ( 3,12 m x 2,550 m) = 7,96 m² | D28: 55.52
B29: Laje do corredor dos vestiários: (1,05 m x 8,20 m) = 8,61 m² | D29: 8.61
B30: Paredes da arquibancada: (28,10 m x 1,50 m) = 42,15 m² | D30: 42.15
B31: Paredes laterais da quadra: ( 2,49 m x 2,65 m ) x 2 lados= 13,20 m² | D31: 13.2
B32: Parede externa do lado das arquibancadas: (2,40 m x 2,80 m) = 6,72 m² | D32: 6.72
B33: Parede externa do lado das arquibancadas: ( 1,65 m x 2,80 m)= 4,62 m² | D33: 4.62
B34: Parede do banheiro: (8,15 m x 2,70 m) = 22,00 m – 4,20 m das portas (2x1,00 m x 2,10 m) = 17,81 m² | D34: 17.81
B35: Mureta externa da quadra: ( 51,55 m x 0,92 m) = 47,43 m² | D35: 47.43
B36: Paredes externas dos vestiários: descontar básculas: (21,50 m x 2,82) – 5,15 m ( 0,50 m x 0,60 m) + ( 0,50 m x 0,60 m) + ( 2,10 m x 0,60 m) + ( 1,80 m x 0,60 m) + ( 2,53 m x 0,60 m) + (1,16 m x 0,60 m) = 55,50 m² | D36: 55.5
B38: Padrão de energia: 6,40 m² | D38: 6.4
B39: QUADRA NOSSA SENHORA DA SAÚDE
B40: Parede interna: (27,80m x 0,50 m x 2 lados) = 27,80 m² | D40: 27.8
B41: Parede interna: (18,25m x 0,50 m x 2 lados) = 18,25 m² | D41: 18.25
B42: Parede externa: (14,20m x 2,50 m) = 35,50 m² | D42: 35.5
B43: Parede externa: (14,20m x 230 m) = 32,66 m² | D43: 32.66
B44: Parede externa: (9,58m x 2,25 m) = 21,52 m² | D44: 21.54
B45: Parede externa: (9,58m x 2,25 m) = 21,52 m² | D45: 21.54
B46: Parede externa: (19,15m x 1,50 m) = 28,53 m² | D46: 28.73
B47: Rampa = 4,80 m² | D47: 4.8
B48: Pilaretes: (1,20m x 0,25 m x 24 unds) = 7,20 m² | D48: 7.2
B49: Mureta padrão de energia: (0,80m x 1,28 m) – 0,20 = 0,82 m² | D49: 0.82
B50: Parte superior da mureta: (27,80m x 0,20m x 2 lados) = 11,12 m² | D50: 11.12
B51: Parte superior da mureta: (18,25m x 0,20m x 2 lados) = 7,30 m² | D51: 7.3
B52: 2.10 | C52: =VLOOKUP($B52,'MEDIÇÃO 2'!$A$20:$C$233,2,0) -> Retirada de revestimento antigo em reboco | D52: =VLOOKUP($B52,'MEDIÇÃO 2'!$A$20:$C$233,3,0) -> m2 | E52: =SUM(D53:D55) -> 22.24
B53: QUADRA SÃO JACINTO
B54: Muro da escola – caixa de areia: (9,40m x 2,2 m) = 18,80 m² | D54: 18.8
B55: Em torno da laje dos banheiros/vestiários: (34,35m x 0,1 m) = 3,44 m² | D55: 3.44
B56: 2.21 | C56: =VLOOKUP($B56,'MEDIÇÃO 2'!$A$20:$C$233,2,0) -> Lixamento manual em superfícies metálicas em obra | D56: =VLOOKUP($B56,'MEDIÇÃO 2'!$A$20:$C$233,3,0) -> m2 | E56: =SUM(D58:D60) -> 526.12
B57: QUADRA SÃO JACINTO
B58: Lixamento da cobertura, treliças e pilares: (15,30 m x 14,10 m x 1,30 m) = 280,45 m² | D58: 519.83
B59: Lixamento das traves = 3,35 m² | D59: 3.35
B60: Lixamento das básculas: (4,90 m x 0,60m) = 2,94 m² | D60: 2.94
B62: 5 | C62: =VLOOKUP(B62,'MEDIÇÃO 2'!$A$20:$C$234,2,0) -> PAREDES E PAINÉIS
B63: 5.2 | C63: =VLOOKUP($B63,'MEDIÇÃO 2'!$A$20:$C$233,2,0) -> Alvenaria de blocos de concreto 14x19x39cm, c/ resist. mínimo a compres. 2.5 MPa, assent. c/ arg. de cimento, cal hidratada CH1 e areia no traço 1:0.5:8 esp. das juntas 10mm e esp. das paredes, s/ rev. 14cm | D63: =VLOOKUP($B63,'MEDIÇÃO 2'!$A$20:$C$233,3,0) -> m2 | E63: 0.16
B66: QUADRA SÃO JACINTO
B67: Mureta danificada: (0,90 m x 0,180 m) = 0,16 m² | D67: 0.16
B68: 5.5 | C68: =VLOOKUP($B68,'MEDIÇÃO 2'!$A$20:$C$233,2,0) -> Chapisco de argamassa de cimento e areia média ou grossa lavada, no traço 1:3, espessura 5 mm | D68: =VLOOKUP($B68,'MEDIÇÃO 2'!$A$20:$C$233,3,0) -> m2 | E68: =SUM(D69:D75) -> 6.76
B69: QUADRA SÃO JACINTO
B70: Mureta danificada: (0,90 m x 0,180 m x 2 lados) = 0,32 m² | D70: 0.32 | E70: 0.32
B71: Mureta danificada: (0,90 m x 0,15) = 0,14 m² | D71: 0.14
B72: QUADRA NOSSA SENHORA DA SAÚDE | E72: =SUM(D72:D75) -> 6.3
B73: Face frontal rampa = 2,73 m² | D73: 2.73
B74: Face frontal rampa = 2,07 m² | D74: 2.07
B75: Lateral: (( 1,20 m x 0,50 m )= 0,60 m² ) + (( 1,20 m x 0,750 m )= 0,90 m² ) = 1,50 m² | D75: 1.5
B76: 5.7 | C76: =VLOOKUP($B76,'MEDIÇÃO 2'!$A$20:$C$233,2,0) -> Reboco tipo paulista de argamassa de cimento, cal hidratada CH1 e areia média ou grossa lavada no traço 1:0.5:6, espessura 25 mm | D76: =VLOOKUP($B76,'MEDIÇÃO 2'!$A$20:$C$233,3,0) -> m2 | E76: =SUM(D77:D85) -> 10.2
B77: QUADRA SÃO JACINTO
B78: Reboco no lastro da laje: (34,35 m x 0,10 m) = 3,44 m² | D78: 3.44
B79: Mureta danificada: (0,90 m x 0,180 m) x 2 lados = 0,32 m² | D79: 0.32
B80: Mureta danificada: (0,90 m x 0,150 m) = 0,14 m² | D80: 0.14
B81: QUADRA NOSSA SENHORA DA SAÚDE
B82: Face frontal da Rampa = 2,73 m² | D82: 2.73
B83: Face frontal da Rampa = 2,07 m² | D83: 2.07
B84: Rampa face lateral: (1,20 m x 0,50 m)= 0,60 m² | D84: 0.6
B85: Rampa face lateral: (1,20 m x 0,750 m)= 0,90 m² | D85: 0.9
B86: 7 | C86: =VLOOKUP(B86,'MEDIÇÃO 2'!$A$20:$C$234,2,0) -> TETOS E FORROS
B87: 7.5 | C87: =VLOOKUP($B87,'MEDIÇÃO 2'!$A$20:$C$233,2,0) -> Piso cimentado liso com 1.5 cm de espessura, de argamassa de cimento e areia no traço 1:3 e juntas plásticas em quadros de 1 m | D87: =VLOOKUP($B87,'MEDIÇÃO 2'!$A$20:$C$233,3,0) -> m2 | E87: =SUM(D88:D92) -> 8.53
B89: QUADRA NOSSA SENHORA DA SAÚDE
B90: Área da rampa esquerda: ( 1,20 m x 1,20 m )= 1,44 m² | D90: 1.44
B91: Área da rampa esquerda: ( 5,30 m x 1,20 m )= 6,36 m² | D91: 6.36
B92: Área do piso danificado próxima ao portal: ( 1,45 m x 0,50 m )= 0,73 m² | D92: 0.73
B94: 14 | C94: =VLOOKUP(B94,'MEDIÇÃO 2'!$A$20:$C$234,2,0) -> QUADRA DE ESPORTES
B95: 14.1 | C95: =VLOOKUP($B95,'MEDIÇÃO 2'!$A$20:$C$233,2,0) -> Aplicação de tinta epóxi de alta espessura semibrilhante sobre piso de concreto a três demãos, inclusive selador epóxi a uma demão - Ref. Intergard 2005 e 2001 - Internacional ou equivalente | D95: =VLOOKUP($B95,'MEDIÇÃO 2'!$A$20:$C$233,3,0) -> m2 | E95: =SUM(D98:D99) -> 136.04
B98: Área da rampa esquerda: ( 28,10 m x 0,710m x 4 unds )= 79,80 m² | D98: 79.8
B99: Área da rampa esquerda: ( 28,10 m x 0,50m x 4 unds )= 56,24 m² | D99: 56.24
B100: 14.20 | C100: =VLOOKUP($B100,'MEDIÇÃO 2'!$A$20:$C$233,2,0) -> Regularização de base p/ revestimento cerâmico, com argamassa de cimento e areia no traço 1:5, espessura 3cm | D100: =VLOOKUP($B100,'MEDIÇÃO 2'!$A$20:$C$233,3,0) -> m2 | E100: =SUM(D103:D104) -> 0.73
B102: QUADRA NOSSA SENHORA DA SAÚDE
B103: Área da quadra: ( 1,45 m x 0,50 m )= 0,73 m² | D103: 0.73
B105: 14.25 | C105: =VLOOKUP($B105,'MEDIÇÃO 2'!$A$20:$C$233,2,0) -> Cordão de solda elétrica - eletrodo 7018/6018 - 4mm | D105: =VLOOKUP($B105,'MEDIÇÃO 2'!$A$20:$C$233,3,0) -> cm | E105: =SUM(D107:D107) -> 167.49
B106: QUADRA NOSSA SENHORA DA SAÚDE
B107: Área da quadra: ( 6,28 m x 1,905 m x 14 unds )= 79,80 m² | D107: 167.49
B109: 16 | C109: =VLOOKUP(B109,'MEDIÇÃO 2'!$A$20:$C$234,2,0) -> PINTURA
B110: 16.2.1 | C110: =VLOOKUP($B110,'MEDIÇÃO 2'!$A$20:$C$233,2,0) -> Pintura sobre metal, aplicação manual, com duas demãos de tinta esmalte sintético, referência Suvinil, Coral ou Metalatex, inclusive uma demão de fundo anticorrosivo | D110: =VLOOKUP($B110,'MEDIÇÃO 2'!$A$20:$C$233,3,0) -> m2 | E110: =SUM(D111:D117) -> 1148.95
B111: QUADRA NOSSA SENHORA DA SAÚDE
B112: Treliças e Cobertura: 31,20 m x 20,60 m x 1,30 = 835,54 m² x 40%: 334,21m² | D112: 334.21
B113: Traves: (2,00 + 2,00 + 3,00) m x 2π x (3 x 0,0254/2) x 2 traves = 3,35 m² x (1/3) – 1 demão de fundo anticorrosivo: 1,12 m² x 2 = 2,24 m² | D113: 2.24
B114: Corrimão: ((5,32 + 1,20 + 1,20 + (5 x 0,75)) m x 2 π x (2 x 0,0254/2) m x 2 corrimãos = 3,66 m² x (1/3) – 1 demão de fundo anticorrosivo: 1,22 m² x 2 = 2,45 m² | D114: 2.45
B115: Tubos de alambrado: 5,34 m x 0,12 m x 20 unidades + 18,70 m x 0,12 m x 6 unidades + 1,35 m x 0,16 m x 40 unidades + 2,75 m x 0,16 m x 28 unidades = 36,44 m² x 2/3 (porcentagem executada) x (1/3) [1 demão de fundo anticorrosivo]: 8,1 m² | D115: 36.44
B116: QUADRA SÃO JACINTO
B117: Cobertura (treliças): 28,50 m (comprimento cobertura) x 20,89 m (largura cobertura) x 1,30 m (coeficiente adotado caderno técnico IOPES) = 773,97 m² x (1/10 fundo apenas nos pilares) x (1/3) [1 demão de fundo anticorrosivo]: 25,79 m² | D117: 773.61
B118: 16.2.2 | C118: =VLOOKUP($B118,'MEDIÇÃO 2'!$A$20:$C$233,2,0) -> Locação de andaime metálico para trabalho em fachada de edifíco (aluguel de 1 m² por 1 mês) inclusive frete, montagem e desmontagem | D118: =VLOOKUP($B118,'MEDIÇÃO 2'!$A$20:$C$233,3,0) -> m2 | E118: =SUM(D119:D124) -> 27.37
...
